 Dungeon Crawl Stone Soup version 0.23.2-1-ga50397a (webtiles) character file.

Game seed: 17059700573971199703

107 TrebMcFLY the Firebug (level 4, -3/24 HPs)
             Began as a Deep Elf Fire Elementalist on May 26, 2019.
             Slain by an orc
             ... wielding a +0 dagger
              (6 damage)
             ... while paralysed by Ijyb
             ... on level 2 of the Dungeon.
             The game lasted 00:13:30 (2587 turns).

TrebMcFLY the Firebug (Deep Elf Fire Elementalist)  Turns: 2587, Time: 00:13:31

Health: -3/24      AC:  2    Str:  5    XL:     4   Next: 57%
Magic:  6/12       EV:  2    Int: 21    God:
Gold:   124        SH:  0    Dex: 15    Spells: 5/11 levels left

rFire    . . .     SeeInvis .   b - +0 dagger
rCold    . . .     Gourm    .   (no shield)
rNeg     . . .     Faith    .   a - +0 robe
rPois    .         Spirit   .   (no helmet)
rElec    .         Reflect  .   (no cloak)
rCorr    .         Harm     .   (no gloves)
MR       .....                  (no boots)
Stlth    ++........             (no amulet)
HPRegen  0.08/turn              (no ring)
MPRegen  0.13/turn              (no ring)

@: paralysed
A: no striking features
a: no special abilities


You were on level 2 of the Dungeon.
You were hungry.

You visited 1 branch of the dungeon, and saw 3 of its levels.

You collected 124 gold pieces.

Inventory:

Hand Weapons
 b - a +0 dagger (weapon)
 p - a +2 dagger of flaming
Missiles
 o - 3 curare-tipped needles
Armour
 a - a +0 robe (worn)
 d - a +3 leather armour
Scrolls
 f - a scroll of blinking {unknown}
 g - a scroll of enchant weapon {unknown}
 h - 2 scrolls of magic mapping {unknown}
 j - a scroll of teleportation {unknown}
 k - 3 scrolls of remove curse {unknown}
 l - a scroll of identify {unknown}
 q - a scroll of fog {unknown}
 r - a scroll of amnesia {unknown}
Potions
 e - a potion of berserk rage {unknown}
 i - 2 potions of agility {unknown}
 m - a potion of curing {unknown}
 n - 2 potions of heal wounds {unknown}
 s - a potion of lignification {unknown}
Comestibles
 c - 6 rations


   Skills:
 - Level 2.4 Dodging
 + Level 3.4 Stealth
 + Level 4.0 Spellcasting
 * Level 2.6 Conjurations
 * Level 4.3 Fire Magic


You had 5 spell levels left.
You knew the following spells:

 Your Spells              Type           Power        Failure   Level  Hunger
a - Flame Tongue          Conj/Fire      ###..        2%          1    None
b - Throw Flame           Conj/Fire      ###...       4%          2    #......
c - Conjure Flame         Conj/Fire      ###.....     9%          3    ###....

Your spell library contained the following spells:

 Spells                   Type           Power        Failure   Level  Hunger
 Inner Flame              Hex/Fire       ##......     14%         3    ###....
 Sticky Flame             Conj/Fire      ###.....     28%         4    ####...
 Fireball                 Conj/Fire      ###.......   61%         5    ######.


Dungeon Overview and Level Annotations

Branches:
Dungeon (3/15)

Altars:
Ashenzari

Annotations:
D:2 Ijyb, Robin


Message History

You climb upwards.
Level annotation: Robin
There is a stone staircase leading down here.
Ijyb hits you. The orc hits you with a +0 dagger.
* * * LOW HITPOINT WARNING * * *
There is a stone staircase leading down here.
Ijyb barely misses you.
Ijyb zaps a wand.
You resist with some effort.
Ijyb zaps a wand.
You resist with some effort.
Ijyb zaps a wand.
You resist with some effort.
Ijyb zaps a wand.
You suddenly lose the ability to move!
Ijyb hits you.
* * * LOW HITPOINT WARNING * * *
Ijyb hits you.
* * * LOW HITPOINT WARNING * * *
Ijyb barely misses you. Ijyb hits you but does no damage.
The orc hits you but does no damage.
Ijyb zaps a wand.
You shrug off the repeated paralysis!
The orc hits you with a +0 dagger.
You die...

#......##.### ####...########
#...........###....##########
#......##.#..................
#..............#####....#####
#......###...##### #.####
#......# ###.....# #.#
#......# ##.##.###.# ####
#############o##.....#####...
#...@g.....>>........
######..####.........
##.##...#..##...
#########.##.####.##...
#......รท.....# #..#...
#.......#.#### ##.....
#.......#.# ###...#..
#.......#.# ##........
#.......#.####...###.<(


You could see Ijyb and an orc.

Vanquished Creatures
  4 adders
  An ooze (D:2)
  2 worms (D:2)
  3 dart slugs
  2 leopard geckos
  2 giant cockroaches (D:2)
  10 goblins
  8 hobgoblins
  3 jackals (D:1)
  2 ball pythons
  5 bats
  A frilled lizard (D:2)
  4 kobolds
  4 rats
51 creatures vanquished.

Notes
Turn   | Place    | Note
-------+----------+-------------------------------------------
     0 | D:1      | TrebMcFLY the Deep Elf Fire Elementalist began the quest
                  | for the Orb.
     0 | D:1      | Reached XP level 1. HP: 10/10 MP: 6/6
   257 | D:1      | Reached XP level 2. HP: 15/15 MP: 4/8
   973 | D:2      | Reached XP level 3. HP: 19/19 MP: 7/9
  1034 | D:2      | Learned a level 2 spell: Throw Flame
  1038 | D:2      | Learned a level 3 spell: Conjure Flame
  1251 | D:2      | Noticed Robin
  1523 | D:2      | Reached XP level 4. HP: 24/24 MP: 7/11
  1839 | D:2      | Found a faded altar of an unknown god.
  1879 | D:2      | Found a shattered altar of Ashenzari.
  2563 | D:3      | Noticed Ijyb
  2582 | D:2      | Paralysed by Ijyb for 6 turns
  2587 | D:2      | Slain by an orc

Skill      XL: |  1  2  3  4 |
---------------+-------------+-----
Stealth        | 3 |  3.4
Fire Magic     | 4 |  4.3
Conjurations   | 2 |  2.6
Spellcasting   | 4 |  4.0
Dodging        | |  2.4

Action                   |  1- 3 |  4- 6 || total
-------------------------+-------+-------++-------
Melee: Dagger            |     1 |       ||     1
 Cast: Flame Tongue      |    44 |    23 ||    67
       Throw Flame       |    10 |    24 ||    34
       Conjure Flame     |     1 |     1 ||     2
  Eat: Chunk             |     2 |     3 ||     5
Armor: Robe              |     4 |     2 ||     6
Dodge: Dodged            |    14 |    12 ||    26
